 Dungeon Crawl Stone Soup version 0.17-a0-1570-g74b7129 (webtiles) character file.

80425 soupofsoups the Brawler (level 15, -4/86 HPs)
             Began as a Vine Stalker Monk on July 23, 2015.
             Was the Champion of Qazlal.
             Slain by an orc warlord
             ... wielding a +1 battleaxe of chopping
              (15 damage)
             ... on level 4 of the Orcish Mines.
             The game lasted 01:55:09 (20513 turns).

soupofsoups the Brawler (Vine Stalker Monk)        Turns: 20513, Time: 01:55:09

Health: -4/86      AC: 23    Str: 25    XL:     15   Next: 66%
Magic:  0/21       EV: 16    Int: 10    God:    Qazlal [******]
Gold:   2009       SH:  8    Dex: 19    Spells: 3 memorised, 7 levels left

rFire  + . .     SeeInvis .       - Unarmed
rCold  . . .     Clarity  .     N - +3 plate armour {rF+}
rNeg   . . .     SustAt   .     (no shield)
rPois  .         Gourm    .     i - +0 helmet
rElec  .         Spirit   +     W - +2 cloak
rCorr  .         Warding  .     R - +1 pair of gloves "Qablot" {Dex+2}
rMut   .         Stasis   .     P - +0 pair of boots
MR     +....                    (no amulet)
Stlth  ..........               Q - +5 ring of strength
                                B - +5 ring of evasion

@: singing, repel missiles, somewhat resistant to hostile enchantments,
extremely unstealthy
A: fangs 3, regeneration 3, magic shield, antimagic bite, no device heal 3, rot
immunity
a: Upheaval, Elemental Force, Disaster Area, Renounce Religion, Stop Singing


You were on level 4 of the Orcish Mines.
You worshipped Qazlal.
Qazlal was exalted by your worship.
You were hungry.

You visited 3 branches of the dungeon, and saw 23 of its levels.
You also visited: Volcano.

You collected 2279 gold pieces.
You spent 270 gold pieces at shops.

Inventory:

Missiles
 K - 3 javelins
 Y - a throwing net (quivered)
Armour
 i - a +0 helmet (worn)
 r - a +4 plate armour of cold resistance
 x - a +0 buckler
 N - a +3 plate armour of fire resistance (worn)
 P - a +0 pair of boots (worn)
 R - the +1 pair of gloves "Qablot" (worn) {Dex+2}
   (You found it on level 9 of the Dungeon)

   It affects your dexterity (+2).
 W - a +2 cloak (worn)
Jewellery
 h - the ring "Zeam Qie" {Dex+3 SInv}
   (You took it off a centaur warrior on level 11 of the Dungeon)

   [ring of see invisible]

   It affects your dexterity (+3).
   It lets you see invisible.
 p - an uncursed amulet of stasis
 u - an uncursed ring of poison resistance
 y - an uncursed ring of flight
 B - a +5 ring of evasion (left hand)
 Q - a +5 ring of strength (right hand)
Magical devices
 j - a wand of cold (3)
 D - a wand of draining (8)
 I - a wand of lightning (13)
Scrolls
 g - 2 scrolls of identify
 m - 9 scrolls of teleportation
 s - 2 scrolls of remove curse
 F - a scroll of amnesia
 G - 5 scrolls of magic mapping
 S - 7 scrolls of fog
 T - 2 scrolls of fear
Potions
 e - 9 potions of curing
 f - a potion of haste
 k - 6 potions of brilliance
 t - 3 potions of magic
 v - a potion of cancellation
 w - 3 potions of resistance
 J - a potion of experience {unknown}
 L - 5 potions of flight
 M - 2 potions of invisibility
 O - a potion of cure mutation {unknown}
 V - 3 potions of berserk rage
Comestibles
 a - 2 chunks of flesh
 b - 11 bread rations
 c - 9 slices of pizza
 d - 14 meat rations
 z - 6 beef jerkies
 E - 19 fruits
 X - a royal jelly


   Skills:
 - Level 13.1 Fighting
 - Level 6.0 Armour
 - Level 6.7 Dodging
 - Level 2.4 Stealth
 + Level 15.9 Unarmed Combat
 + Level 7.0 Charms
 + Level 6.9 Necromancy
 + Level 6.9 Translocations
 + Level 7.2 Invocations


You had 7 spell levels left.
You knew the following spells:

 Your Spells              Type           Power        Failure   Level  Hunger
a - Regeneration          Chrm/Necr      ##........   90%         3    ####...
b - Shroud of Golubria    Chrm/Tloc      ##........   56%         2    ###....
c - Song of Slaying       Chrm           ##......     43%         2    ###....


Dungeon Overview and Level Annotations

Branches:
Dungeon (11/15)            Temple (0/1) D:5            Lair (8/8) D:11
  Swamp (0/4) Lair:6        Snake (0/4) Lair:4        Slime (0/6) Lair:6
    Orc (4/4) D:9
    Elf: Orc:3-4

Altars:
Cheibriados
Gozag
Nemelex Xobeh
Okawaru
Qazlal
Ru
Trog
Vehumet
Zin
The Shining One
Beogh

Shops:
D:6 %   D:8 *   Orc:3 ?


Innate Abilities, Weirdness & Mutations

You have razor-sharp teeth.
You regenerate.
When hurt, damage is shared between your health and your magic reserves.
Your bite disrupts and absorbs the magic of your enemies.
Potions and wands cannot restore your health.
You are immune to rotting.


Message History

You hit the orc warlord.
You bite the orc warlord, but do no damage.
The orc warlord is severely wounded.
The orc knight roars a battlecry!
The orc goes into a battle-frenzy!
You punch the orc priest!
You kill the orc priest!
Qazlal accepts your kill.
You feel less protected from physical attacks.
The orc warrior hits you but does no damage.
The orc priest calls down the wrath of Beogh upon you.
Something smites you!
* * * LOW HITPOINT WARNING * * *
The orc priest calls down the wrath of Beogh upon you.
Something smites you!
* * * LOW HITPOINT WARNING * * *
The orc priest calls upon Beogh to heal the orc warlord.
The orc warlord is healed somewhat.
The orc warlord hits you with a battleaxe of chopping!!
You die...

.......#.##.........
.........##.........
...................
#................
##......$....#...
#........<..## ..
#..<§.§§§)### .
##...§.o[..#
#......@oo##
##.###.##oo# ##
###o§oo# #[)oo#
#o)o##


.oooo ...).. 4o..## You could see an orc warlord, an orc knight (frenzied), an
orc sorcerer (frenzied), 2 orc warriors, 3 orc priests and an orc wizard
(frenzied).

Vanquished Creatures
  Rupert (Lair:3)
  Kirke (Lair:7)
  An orc warlord (Orc:1)
  Maud (Lair:6)
  The ghost of porpoise the Covert, a powerful OpBe of Trog (Lair:8)
  7 hydras
  A centaur warrior (D:11)
  4 death yaks (Lair:3)
  3 orc high priests
  12 spriggans
  A skeletal warrior (D:10)
  3 orc knights
  2 hill giants (D:10)
  4 orc sorcerers
  A necromancer (D:10)
  An ugly thing (D:11)
  A cyclops (D:11)
  A griffon (Lair:6)
  Maurice (D:8)
  24 elephants
  Joseph (D:8)
  6 black mambas
  A gargoyle (D:10)
  5 centaur skeletons
  2 kobold demonologists (D:11)
  8 spiny frogs
  4 fire drakes
  5 komodo dragons
  A spriggan druid (Lair:8)
  2 trolls
  4 polar bears (Lair:8)
  Prince Ribbit (D:8)
  2 two-headed ogres
  4 slime creatures (D:10)
  A boulder beetle (Lair:6)
  3 wyverns
  3 redbacks (Lair:8)
  A deep elf mage (D:10)
  18 blink frogs
  2 shadows
  6 fire bats (Volcano)
  43 yaks
  2 flying skulls (D:10)
  A hog (Lair:7)
  Eustachio (D:4)
  10 hippogriffs
  Grum (D:9)
  2 basilisks
  35 wolves
  2 mottled dragons (Volcano)
  A human (D:9)
  2 hell hounds (Volcano)
  4 nagas (Lair:4)
  14 water moccasins
  7 porcupines
  10 black bears
  A swamp drake (Lair:6)
  2 sky beasts
  23 orc warriors
  An ice beast (D:9)
  8 ogres
  3 necrophages (D:10)
  A phantom (D:5)
  The ghost of Pandaemon the Charmwright, an average DrSk (D:3)
  9 centaurs
  5 wasps
  18 giant frogs
  2 big kobolds
  18 crocodiles
  2 wyvern zombies (D:10)
  12 killer bees
  4 scorpions
  A wyvern skeleton (D:10)
  An electric eel (D:11)
  2 jellies
  7 crimson imps
  6 wights
  3 centaur zombies
  2 giant frog zombies (D:10)
  A wasp zombie (D:10)
  4 giant frog skeletons
  27 orc priests
  Jessica (D:2)
  7 hounds
  7 iguanas
  Natasha (D:3)
  30 orc wizards
  8 worker ants
  2 killer bee zombies (D:10)
  11 sheep
  A hound zombie (D:10)
  A hound skeleton (D:10)
  3 gnolls (D:2)
  3 worker ant zombies
  59 river rats
  15 adders
  3 shadow imps
  An adder skeleton (D:8)
  An adder zombie (D:10)
  A worm (D:2)
  11 giant geckos
  140 orcs
  A ball python (D:1)
  A bat skeleton (D:4)
  24 goblins
  19 hobgoblins
  23 kobolds
  2 quokkas
  14 bats
  12 giant newts
  35 jackals
  A jackal zombie (D:6)
  A quokka skeleton (D:7)
  13 rats
  A butterfly (Lair:8)
  87 fungi
  60 plants
1050 creatures vanquished.

Vanquished Creatures (others)
  A blink frog (Lair:7)
  3 humans (Lair:7)
  An orc wizard (Orc:2)
  An orc (Orc:1)
  34 fungi
  22 plants
62 creatures vanquished.

Grand Total: 1112 creatures vanquished

Notes
Turn   | Place    | Note
--------------------------------------------------------------
     0 | D:1      | soupofsoups the Vine Stalker Monk began the quest for the Orb.
     0 | D:1      | Reached XP level 1. HP: 11/11 MP: 2/2
    98 | D:1      | Reached XP level 2. HP: 4/16 MP: 3/3
   722 | D:2      | Reached XP level 3. HP: 16/20 MP: 2/4
   785 | D:2      | Noticed Jessica
   793 | D:2      | Killed Jessica
   793 | D:2      | Reached XP level 4. HP: 13/24 MP: 5/5
   908 | D:2      | Reached skill level 5 in Unarmed Combat
  1027 | D:2      | Found a radiant altar of Vehumet.
  1228 | D:2      | Found a sparkling altar of Nemelex Xobeh.
  1245 | D:2      | Found a glowing silver altar of Zin.
  1597 | D:2      | Reached XP level 5. HP: 29/29 MP: 6/6
  1711 | D:3      | Found a sacrificial altar of Ru.
  1796 | D:3      | Noticed an air elemental
  1829 | D:3      | Found a stormy altar of Qazlal.
  1834 | D:3      | Noticed a water elemental
  1835 | D:3      | Noticed a fire elemental
  1840 | D:3      | Became a worshipper of Qazlal Stormbringer
  1840 | D:3      | Acquired Qazlal's first power
  1840 | D:3      | Acquired Qazlal's second power
  1964 | D:3      | Noticed a centaur
  1972 | D:3      | Killed a centaur
  1972 | D:3      | Reached skill level 6 in Unarmed Combat
  1972 | D:3      | Gained mutation: You heal very quickly. [Vine Stalker growth]
  1972 | D:3      | Reached XP level 6. HP: 6/34 MP: 1/7
  1975 | D:3      | Noticed Natasha
  1982 | D:3      | Killed Natasha
  2083 | D:3      | Noticed Pandaemon's ghost (average DrSk)
  2092 | D:3      | Killed Pandaemon's ghost
  2645 | D:4      | Reached skill level 5 in Fighting
  2704 | D:4      | Noticed Eustachio
  2727 | D:4      | Killed Eustachio
  2727 | D:4      | Reached XP level 7. HP: 39/39 MP: 8/8
  2896 | D:4      | Reached skill level 7 in Unarmed Combat
  3043 | D:4      | Acquired Qazlal's third power
  3712 | D:5      | Entered Level 5 of the Dungeon
  3779 | D:5      | Gained mutation: You have razor-sharp teeth. [Vine Stalker growth]
  3779 | D:5      | Reached XP level 8. HP: 44/44 MP: 9/9
  3786 | D:5      | Found a staircase to the Ecumenical Temple.
  4005 | D:5      | Reached skill level 8 in Unarmed Combat
  4353 | D:5      | Found a glowing golden altar of the Shining One.
  4466 | D:5      | Acquired Qazlal's fourth power
  5084 | D:6      | Reached XP level 9. HP: 50/50 MP: 10/10
  5295 | D:6      | Reached skill level 9 in Unarmed Combat
  5579 | D:6      | Found Toresoh's Food Emporium.
  5627 | D:6      | Got a fabulously ornate robe
  5638 | D:6      | Identified the +1 robe of Giujaofi {rF+++ MR+ Dex-5 Stlth+} (You found it on level 6 of the Dungeon)
  5996 | D:7      | Acquired Qazlal's fifth power
  6137 | D:7      | Reached skill level 10 in Unarmed Combat
  6180 | D:7      | Got an iridescent long sword
  6181 | D:7      | Identified the cursed +2 long sword of Xom's Approval {flame, Str+4 Dex+5} (You found it on level 7 of the Dungeon)
  6545 | D:8      | Found a bloodstained altar of Trog.
  6553 | D:8      | Noticed Prince Ribbit
  6568 | D:8      | Noticed Joseph
  6571 | D:8      | Killed Prince Ribbit
  6571 | D:8      | Reached XP level 10. HP: 52/58 MP: 11/11
  6585 | D:8      | Killed Joseph
  6794 | D:8      | Found a snail-covered altar of Cheibriados.
  7007 | D:8      | Found Paifojiufa's Assorted Antiques.
  7088 | D:8      | Noticed Maurice
  7115 | D:8      | Killed Maurice
  7115 | D:8      | Reached skill level 11 in Unarmed Combat
  7354 | D:9      | Noticed Grum
  7360 | D:9      | Reached skill level 10 in Fighting
  7368 | D:9      | Killed Grum
  7921 | D:9      | Got a pair of heavily runed gloves
  7932 | D:9      | Identified the +1 pair of gloves "Qablot" {Dex+2} (You found it on level 9 of the Dungeon)
  8038 | D:9      | Reached skill level 12 in Unarmed Combat
  8058 | D:9      | Reached XP level 11. HP: 37/64 MP: 12/12
  8096 | D:9      | Found a roughly hewn altar of Beogh.
  8096 | D:9      | Found a staircase to the Orcish Mines.
  8447 | D:10     | Entered Level 10 of the Dungeon
  8532 | D:10     | Noticed a hill giant
  8543 | D:10     | Killed a hill giant
  8593 | D:10     | Noticed a hill giant
  8607 | D:10     | Killed a hill giant
  8607 | D:10     | Reached skill level 1 in Armour
  8607 | D:10     | Reached skill level 13 in Unarmed Combat
  8782 | D:10     | Found an opulent altar of Gozag.
  9090 | D:10     | Noticed a necromancer
  9095 | D:10     | Killed a necromancer
  9116 | D:10     | Gained mutation: You regenerate. [Vine Stalker growth]
  9116 | D:10     | Reached XP level 12. HP: 65/71 MP: 11/13
  9118 | D:10     | Noticed a skeletal warrior
  9123 | D:10     | Killed a skeletal warrior
  9594 | D:11     | Got an opalescent robe
  9605 | D:11     | Identified the cursed -5 robe of Misfortune {-Cast *Contam *Tele EV-4 Str-2 Int-2 Dex-2 Stlth-- *Curse} (You took it off an orc on level 11 of the Dungeon)
 10118 | D:11     | Noticed a centaur warrior
 10126 | D:11     | Killed a centaur warrior
 10126 | D:11     | Reached skill level 5 in Dodging
 10128 | D:11     | Got a fine silver ring
 10189 | D:11     | Found a staircase to the Lair.
 10377 | D:11     | Identified the ring "Zeam Qie" {Dex+3 SInv} (You took it off a centaur warrior on level 11 of the Dungeon)
 10472 | D:11     | Upgraded the game from 0.17-a0-1567-gdd419b1 to 0.17-a0-1570-g74b7129
 10476 | Lair:1   | Entered Level 1 of the Lair of Beasts
 10530 | Lair:1   | Noticed a six-headed hydra
 10541 | Lair:1   | Killed a six-headed hydra
 11191 | Lair:2   | Got a fabulously ornate robe
 11352 | Lair:2   | Reached skill level 14 in Unarmed Combat
 11399 | Lair:2   | Found a dark tunnel.
 11495 | Volcano  | Entered a volcano
 11508 | Volcano  | Reached XP level 13. HP: 70/76 MP: 14/14
 11508 | Volcano  | Reached skill level 5 in Armour
 12266 | Lair:3   | Identified the +5 robe of Serendipity {rElec rPois Dex+2} (You found it on level 2 of the Lair of Beasts)
 12364 | Lair:3   | Noticed Rupert
 12369 | Lair:3   | Paralysed by Rupert for 3 turns
 12376 | Lair:3   | Paralysed by Rupert for 7 turns
 12989 | Lair:3   | Killed Rupert
 13486 | Lair:4   | Found a staircase to the Snake Pit.
 13532 | Lair:4   | Reached skill level 1 in Invocations
 13577 | Lair:4   | Got a faintly glowing spear
 13592 | Lair:4   | Identified the +8 spear "Impbane" {pain, rN+} (You found it on level 4 of the Lair of Beasts)
 13749 | Lair:4   | Learned a level 3 spell: Regeneration
 14115 | Lair:4   | Learned a level 2 spell: Shroud of Golubria
 14118 | Lair:4   | Learned a level 2 spell: Song of Slaying
 14135 | Lair:5   | Reached skill level 1 in Necromancy
 14150 | Lair:5   | Reached skill level 1 in Charms
 14152 | Lair:5   | Reached skill level 1 in Translocations
 14411 | Lair:5   | Reached XP level 14. HP: 82/82 MP: 17/17
 14755 | Lair:5   | Got a heavily runed plate armour
 14766 | Lair:5   | Identified the +1 plate armour of the Eyes {Int+2} (You found it on level 5 of the Lair of Beasts)
 15216 | Lair:6   | Noticed Maud
 15236 | Lair:6   | Killed Maud
 15493 | Lair:6   | Found an iron altar of Okawaru.
 15652 | Lair:6   | Found a staircase to the Slime Pits.
 15717 | Lair:6   | Found a staircase to the Swamp.
 16023 | Lair:7   | Reached skill level 15 in Unarmed Combat
 16028 | Lair:7   | Noticed Kirke
 16040 | Lair:7   | Killed Kirke
 16251 | Lair:7   | Reached skill level 5 in Invocations
 16267 | Lair:7   | Reached skill level 5 in Charms
 16331 | Lair:7   | Reached skill level 5 in Necromancy
 16835 | Lair:8   | Entered Level 8 of the Lair of Beasts
 16841 | Lair:8   | Noticed porpoise's ghost (powerful OpBe)
 16870 | Lair:7   | Reached skill level 5 in Translocations
 17089 | Lair:8   | Reached XP level 15. HP: 86/86 MP: 20/20
 17725 | Lair:8   | Killed porpoise's ghost
 18802 | Orc:1    | Entered Level 1 of the Orcish Mines
 19986 | Orc:3    | Found Seuh's Magic Scroll Shop.
 19995 | Orc:3    | Bought a scroll of teleportation for 45 gold pieces
 19995 | Orc:3    | Bought a scroll of identify for 30 gold pieces
 19995 | Orc:3    | Bought a scroll of identify for 30 gold pieces
 19995 | Orc:3    | Bought 3 scrolls of teleportation for 135 gold pieces
 19995 | Orc:3    | Bought a scroll of fog for 30 gold pieces
 20330 | Orc:3    | Found a roughly hewn altar of Beogh.
 20464 | Orc:4    | Entered Level 4 of the Orcish Mines
 20513 | Orc:4    | Slain by an orc warlord

Vault maps used:
D:1:      dpeg_arrival_stone_temple_mockup
D:2:      vehumet_crystals, grunt_temple_overflow_open, first_bread,
          serial_park_tiny_pond, uniq_jessica
D:3:      nicolae_qazlal_style_of_elements, nicolae_ru_great_annihilating_truth,
          uniq_natasha
D:4:      uniq_eustachio
D:5:      nicolae_tso_carved_into_rock, minmay_temple_entry_glass,
          hangedman_decor_points, minmay_misc_feat_room
D:6:      serial_shops, kennysheep_little_box
D:8:      nicolae_overflow_hidden_temple, cheibriados_altar_1, serial_shops,
          nicolae_shop_overgrown_old_shop, uniq_prince_ribbit1, uniq_maurice,
          uniq_joseph
D:9:      david_orc_5, grunt_livestock, uniq_grum
D:10:     hangedman_screamer, grunt_gozag_statues
D:11:     david_lair_shrubbed, minmay_misc_feat_more_columns
Lair:1:   minivault_24, st_stairs_7, serial_bayou_lagoon_a, grunt_megastairs_4
Lair:2:   nicolae_volcano_entry_two_sided, lemuel_fruit_fields
Lair:3:   grunt_megastairs_3, lemuel_fruit_tree, uniq_rupert
Lair:4:   minmay_snake_entry_guardpost_small
Lair:5:   mu_elephants_graveyard
Lair:6:   minmay_swamp_entry_reptiles, slime_dummy, basic_altar, uniq_maud
Lair:7:   uniq_kirke
Lair:8:   minmay_lair_end_enchanted_forest, lemuel_fruit_fields,
          lemuel_fruit_fields
Orc:3:    serial_shops, nicolae_shop_temple_entry_statues_fountains,
          nicolae_orc_pool_cavern, kennysheep_orc_chapel
Orc:4:    st_orc_congregation, mines2_david
Volcano:  volcano_caves

Action                   |  1- 3 |  4- 6 |  7- 9 | 10-12 | 13-15 || total
-------------------------+-------+-------+-------+-------+-------++-------
Melee: Unarmed           |    67 |   166 |   383 |   651 |  1212 ||  2479
Throw: Javelin           |       |       |       |       |     2 ||     2
       Throwing net      |       |       |       |       |     1 ||     1
 Cast: Song of Slaying   |       |       |       |       |     1 ||     1
Invok: Upheaval          |       |       |       |       |     5 ||     5
       Elemental Force   |       |       |       |       |     3 ||     3
       Disaster Area     |       |       |       |       |     3 ||     3
  Use: Scroll            |       |       |     2 |    22 |    12 ||    36
       Potion            |       |       |       |     1 |     3 ||     4
 Stab: Sleeping          |     1 |     5 |       |       |       ||     6
       Paralysed         |       |     1 |       |       |       ||     1
       Fleeing           |       |       |     1 |       |       ||     1
       Distracted        |       |       |       |       |     1 ||     1
  Eat: Chunk             |       |     6 |    12 |    17 |    28 ||    63
       Fruit             |       |       |       |       |     1 ||     1
